Map: [ESL] Gresvan

Players

Elazer

  • Race: Zerg Zerg

Solar - Winner!

  • Race: Zerg Zerg

Event: IEM Katowice 2023

VOD

Have the link to the VOD?

Description

Time

  • Played on: Feb. 9, 2023, 10:17 a.m.
  • Length: 19:41

All games in this series

Show
View Real Time Build Order
Export as new Build Order

Elazer Zerg 

Build Orders: Hatch First 

Get SALT Encoding   

  12  0:00  Drone  
  13  0:12  Overlord  
  13  0:16  Drone  
  14  0:30  Drone x2  
  16  0:47  Hatchery  
  15  0:50  Drone  
  15  0:54  Drone  
  15  0:57  Drone  
  18  1:07  Extractor  
  17  1:12  Spawning Pool  
  17  1:16  Drone  
  17  1:20  Drone  
  18  1:28  Drone  
  19  1:38  Drone  
  20  1:49  Drone  
  21  1:59  Queen x2  
  21  2:00  Zergling x2  
  26  2:06  Overlord  
  26  2:07  Metabolic Boost  
  26  2:14  Drone x2  
  28  2:25  Drone x2  
  30  2:33  Drone  
  31  2:37  Hatchery  
  31  2:39  Drone  
  31  2:45  Baneling Nest  
  31  2:47  Overlord  
  31  2:50  Drone  
  31  2:57  Evolution Chamber  
  31  2:58  Evolution Chamber  
  31  3:01  Zergling x4, Evolution Chamber  
  31  3:06  Zergling x8  
  31  3:11  Zergling x4  
  36  3:15  Zergling x4  
  38  3:21  Evolution Chamber  
  38  3:24  Evolution Chamber  
  38  3:25  Zergling x2  
  37  3:27  Zergling x2  
  38  3:35  Zergling x4  
  38  3:40  Baneling Nest  
  39  3:41  Zergling x2  
  39  3:44  Zergling x2  
  41  3:54  Zergling x4  
  43  3:59  Extractor, Queen  
  43  4:00  Overlord  
  45  4:03  Overlord  
  45  4:14  Zerg Melee Weapons Level 1  
  45  4:23  Zergling x10  
  45  4:24  Baneling  
  50  4:25  Baneling  
  50  4:26  Baneling  
  50  4:34  Zergling x2  
  50  4:35  Zergling x4  
  50  4:37  Drone  
  54  4:48  Drone x4  
  54  4:52  Drone  
  58  4:59  Overlord  
  57  5:06  Baneling  
  57  5:07  Baneling  
  57  5:11  Overlord  
  57  5:13  Drone  
  57  5:14  Drone x2  
  60  5:15  Overlord  
  52  5:22  Drone  
  53  5:30  Zergling x2  
  53  5:31  Zergling x8  
  58  5:47  Hatchery  
  57  5:51  Drone x6  
  57  5:56  Zergling x4  
  65  6:00  Zerg Ground Armor Level 1  
  65  6:09  Zergling x10  
  69  6:25  Overlord  
  69  6:27  Extractor  
  69  6:29  Roach Warren  
  69  6:30  Drone x3  
  70  6:38  Drone  
  71  6:42  Drone  
  71  6:43  Zerg Missile Weapons Level 1  
  71  6:51  Drone  
  71  6:52  Extractor  
  71  6:58  Drone x2  
  73  7:05  Overlord  
  73  7:12  Drone x6  
  73  7:14  Lair  
  79  7:22  Drone x6  
  85  7:30  Overlord  
  85  7:35  Overlord  
  85  7:36  Roach  
  86  7:41  Roach  
  86  7:42  Roach x4  
  100  7:44  Roach x3  
  100  7:48  Extractor  
  100  7:50  Extractor  
  99  7:52  Drone x4  
  103  8:00  Roach x3  
  103  8:05  Extractor  
  108  8:06  Overlord  
  108  8:07  Roach x2, Hatchery  
  108  8:08  Roach x2  
  115  8:15  Drone x3  
  115  8:17  Roach x2  
  115  8:18  Glial Reconstitution  
  122  8:21  Overlord  
  122  8:29  Drone  
  122  8:31  Roach x3  
  129  8:38  Zerg Missile Weapons Level 2  
  129  8:41  Overlord  
  127  8:48  Hatchery  
  127  8:52  Roach x6  
  138  8:59  Overlord x3  
  138  9:14  Roach x4  
  138  9:16  Overlord x2  
  146  9:22  Roach x7  
  160  9:28  Ravager x4  
  160  9:30  Roach x3  
  170  9:36  Overlord x2  
  170  9:37  Roach  
  172  9:42  Roach x2  
  172  9:44  Roach  
  172  9:48  Roach x3  
  172  9:51  Roach  
  173  9:54  Roach x2  
  173  9:58  Roach  
  179  10:01  Roach x2  
  179  10:05  Roach  
  179  10:06  Roach  
  187  10:09  Roach x2  
  191  10:14  Roach x3  
  191  10:17  Ravager  
  191  10:18  Ravager  
  197  10:24  Ravager x2  
  199  10:34  Ravager x2  
  199  10:35  Ravager x2  
  192  10:36  Roach x4  
  198  10:49  Roach x9  
  196  11:06  Roach x2  
  155  11:25  Roach x7  
  155  11:26  Roach x12  
  155  11:30  Roach  
  155  11:31  Roach  
  160  11:39  Roach x4  
  154  11:44  Roach x2  
  156  11:47  Roach x2  
  156  11:53  Roach  
  156  11:54  Roach x2  
  166  11:58  Ravager  
  166  11:59  Roach  
  166  12:00  Roach  
  171  12:06  Roach x3  
  174  12:18  Roach x6  
  176  12:28  Drone x2  
  168  12:30  Drone x2  
  168  12:31  Drone x2  
  168  12:34  Overseer  
  168  12:36  Pneumatized Carapace  
  172  12:37  Roach x2  
  172  12:38  Ravager  
  172  12:39  Overseer  
  173  12:44  Drone x4  
  173  12:49  Drone x3  
  173  12:50  Drone  
  181  12:56  Roach x4  
  189  13:01  Ravager x2  
  191  13:06  Roach x4  
  195  13:23  Roach x2  
  199  13:35  Ravager  
  196  13:46  Roach  
  186  13:55  Drone x6  
  186  13:56  Drone x2  
  186  14:11  Roach x9  
  196  14:21  Queen x2  
  196  14:27  Zerg Ground Armor Level 2  
  196  14:32  Infestation Pit  
  196  14:37  Ravager  
  196  14:38  Ravager  
  197  14:39  Ravager  
  197  14:40  Tunneling Claws  
  197  14:41  Burrow  
  191  15:03  Roach  
  191  15:04  Roach x3  
  189  15:22  Drone x3  
  189  15:27  Roach x6  
  198  15:40  Roach x2  
  200  15:44  Hive  
  200  15:47  Spine Crawler x3  
  200  15:48  Spine Crawler x2  
  200  15:49  Drone x3  
  198  15:51  Spine Crawler x2  
  192  16:00  Roach x16  
  192  16:11  Roach x5  
  196  16:28  Roach x3  
  196  16:31  Hydralisk Den  
  197  16:38  Roach  
  197  16:39  Roach x12  
  200  16:54  Roach  
  193  16:55  Roach x3  
  193  17:00  Roach x5  
  184  17:10  Roach x2  
  184  17:13  Hatchery  
  184  17:15  Muscular Augments  
  187  17:20  Hydralisk x6  
  199  17:25  Lurker Den  
  196  17:44  Hatchery  
  191  17:55  Hydralisk x6  
  197  18:04  Hydralisk x2  
  199  18:08  Roach x10  
  195  18:26  Grooved Spines  
  182  18:37  Roach x3  
  182  18:38  Roach x11  
  172  18:49  Roach x11  
  180  19:02  Roach x5  
  168  19:08  Roach x3  
  152  19:19  Roach x5  
Show
View Real Time Build Order
Export as new Build Order

Solar Zerg - Winner!

Build Orders: Pool First 

Get SALT Encoding   

  12  0:00  Drone  
  13  0:12  Overlord  
  13  0:16  Drone  
  14  0:30  Drone x2  
  16  0:36  Extractor  
  16  0:42  Spawning Pool  
  14  0:46  Drone  
  16  0:50  Drone  
  16  0:55  Drone  
  17  1:17  Hatchery  
  16  1:28  Zergling x2  
  16  1:32  Queen  
  17  1:39  Metabolic Boost  
  19  1:44  Zergling x2  
  20  1:47  Zergling x2  
  20  1:54  Overlord  
  21  1:57  Zergling x2  
  22  2:11  Queen  
  22  2:13  Zergling x2  
  25  2:17  Zergling x2  
  26  2:28  Zergling x2  
  27  2:30  Zergling x2  
  28  2:39  Zergling x6  
  28  2:40  Zergling x2  
  28  2:41  Zergling x2  
  33  2:51  Overlord  
  33  2:53  Zergling x2  
  34  3:02  Zergling x4  
  36  3:12  Zergling x8  
  39  3:16  Zergling x2  
  39  3:22  Zergling x6  
  40  3:28  Zergling x4  
  40  3:37  Zergling x4  
  37  3:45  Overlord  
  37  3:48  Zergling x6  
  40  3:56  Zergling x4  
  40  4:00  Drone  
  43  4:06  Baneling Nest  
  42  4:11  Drone  
  42  4:15  Drone  
  44  4:19  Drone  
  44  4:22  Drone  
  46  4:27  Drone  
  46  4:30  Drone  
  48  4:37  Overlord  
  48  4:39  Drone  
  48  4:42  Drone  
  50  4:45  Drone  
  50  4:51  Baneling x2  
  50  4:52  Drone  
  51  4:55  Baneling x2  
  51  4:58  Drone  
  52  5:01  Drone  
  52  5:06  Overlord  
  52  5:08  Drone x2  
  52  5:10  Drone  
  52  5:13  Drone  
  56  5:18  Baneling x2  
  56  5:20  Drone  
  56  5:29  Hatchery  
  56  5:31  Drone  
  56  5:34  Drone  
  56  5:38  Drone x2  
  58  5:42  Overlord  
  58  5:46  Evolution Chamber  
  58  5:47  Drone  
  58  5:48  Drone  
  58  5:49  Drone  
  60  5:54  Baneling, Zergling x2  
  60  5:55  Drone  
  62  5:57  Drone  
  62  5:59  Drone  
  62  6:01  Drone x2  
  66  6:04  Drone  
  66  6:09  Extractor  
  66  6:10  Roach Warren  
  65  6:15  Overlord  
  65  6:18  Drone  
  64  6:20  Lair  
  64  6:24  Hatchery  
  62  6:26  Drone x3  
  62  6:28  Extractor  
  62  6:32  Drone  
  65  6:33  Zerg Missile Weapons Level 1  
  65  6:36  Drone x2  
  65  6:37  Drone  
  65  6:39  Drone  
  69  6:41  Drone x2  
  69  6:45  Overlord  
  71  6:47  Drone  
  71  6:51  Queen  
  71  6:53  Drone  
  75  6:55  Overlord  
  75  6:58  Drone  
  75  7:01  Drone  
  76  7:06  Drone x3  
  79  7:09  Roach x2  
  79  7:12  Extractor  
  79  7:13  Extractor, Drone x3  
  84  7:18  Glial Reconstitution  
  84  7:20  Roach x2  
  84  7:21  Overseer  
  89  7:30  Roach x2  
  89  7:34  Overlord  
  89  7:36  Drone  
  91  7:40  Drone  
  91  7:41  Roach  
  94  7:44  Overlord  
  94  7:46  Roach x3  
  100  7:52  Overlord  
  100  7:55  Roach  
  102  8:01  Roach x2  
  102  8:04  Overlord  
  106  8:07  Roach  
  106  8:10  Roach x6  
  106  8:11  Roach x2  
  106  8:12  Overlord  
  123  8:26  Drone x3, Hatchery  
  124  8:30  Zerg Missile Weapons Level 2  
  124  8:31  Extractor, Drone x2  
  125  8:35  Drone  
  125  8:39  Overlord  
  125  8:40  Roach x3  
  132  8:41  Drone  
  132  8:45  Overlord  
  128  8:48  Roach  
  128  8:49  Roach  
  128  8:53  Drone  
  128  8:55  Overlord  
  133  8:58  Drone  
  133  9:00  Roach x3  
  140  9:05  Roach x2  
  140  9:07  Overlord  
  144  9:10  Roach x2  
  144  9:14  Overlord  
  144  9:16  Roach  
  150  9:19  Roach  
  152  9:25  Roach  
  152  9:29  Roach x5  
  152  9:30  Roach x2  
  168  9:35  Roach  
  168  9:36  Baneling x2  
  170  9:39  Roach x3  
  170  9:43  Ravager x2  
  170  9:44  Ravager  
  170  9:45  Roach x2, Ravager  
  183  9:48  Overlord  
  183  9:51  Overlord  
  184  9:52  Overlord  
  184  9:59  Overlord  
  184  10:01  Overlord  
  184  10:06  Tunneling Claws  
  184  10:07  Burrow  
  184  10:08  Roach x2  
  184  10:12  Roach x3  
  192  10:18  Roach x3  
  192  10:20  Roach  
  192  10:21  Roach  
  198  10:22  Roach  
  198  10:26  Roach  
  198  10:27  Roach x2  
  198  10:33  Roach x3  
  197  10:37  Roach  
  197  10:40  Roach x3  
  195  10:46  Roach x5, Zerg Ground Armor Level 1  
  195  10:47  Roach  
  187  10:50  Roach x2  
  187  10:52  Roach  
  187  10:54  Ravager x3  
  192  10:59  Roach x2  
  192  11:00  Ravager x3  
  199  11:08  Roach x2  
  192  11:11  Roach x4  
  192  11:14  Roach  
  192  11:15  Roach  
  166  11:21  Roach x2  
  166  11:22  Roach  
  166  11:24  Roach  
  151  11:27  Drone x3  
  151  11:28  Drone  
  151  11:29  Drone  
  151  11:31  Drone  
  151  11:32  Drone  
  141  11:33  Drone  
  141  11:38  Roach x2  
  144  11:41  Roach  
  144  11:46  Roach x2  
  146  11:47  Roach  
  146  11:51  Roach  
  146  11:52  Roach x4  
  150  11:55  Roach x2  
  154  12:04  Hatchery  
  154  12:05  Drone  
  154  12:07  Roach  
  156  12:12  Roach x3  
  159  12:17  Roach x2  
  159  12:20  Roach x2  
  159  12:22  Roach  
  167  12:23  Roach  
  167  12:26  Roach  
  167  12:27  Roach  
  163  12:31  Roach x2  
  163  12:36  Roach  
  163  12:37  Roach x2  
  165  12:40  Roach x2  
  169  12:45  Roach x2  
  169  12:49  Ravager x8  
  169  12:50  Roach x2  
  179  12:52  Roach  
  179  12:53  Roach x2  
  179  12:54  Roach  
  179  12:56  Roach  
  179  12:58  Roach  
  185  12:59  Roach x2  
  185  13:01  Roach x2  
  185  13:04  Roach x2  
  193  13:06  Roach x2  
  193  13:09  Roach x2  
  197  13:13  Roach  
  197  13:18  Roach  
  195  13:20  Roach x2  
  195  13:24  Roach x3  
  195  13:25  Roach x5  
  195  13:26  Roach x4  
  197  13:28  Roach x2  
  197  13:29  Roach x2  
  197  13:32  Roach  
  195  13:35  Roach x3  
  195  13:39  Roach x3  
  199  13:53  Roach x6  
  193  13:57  Roach x5  
  193  13:59  Roach x2  
  192  14:03  Roach x3  
  192  14:06  Roach x2  
  182  14:10  Roach x2  
  182  14:13  Roach  
  182  14:15  Roach x2  
  190  14:18  Roach  
  190  14:19  Roach  
  190  14:23  Roach  
  184  14:26  Ravager  
  184  14:28  Roach x4  
  187  14:33  Roach x2  
  187  14:34  Roach  
  187  14:37  Ravager  
  194  14:39  Roach  
  194  14:41  Roach x7  
  194  14:43  Roach x2  
  200  14:46  Roach x39  
  200  14:54  Roach  
  192  15:01  Roach x2  
  192  15:02  Roach x4  
  200  15:18  Roach  
  199  15:23  Ravager x2  
  199  15:26  Roach x4  
  197  15:29  Roach  
  197  15:30  Roach x5  
  197  15:31  Roach  
  197  15:34  Roach x2  
  199  15:38  Roach  
  199  15:39  Roach  
  197  15:52  Roach  
  197  15:53  Roach x2  
  200  16:03  Zerg Ground Armor Level 2  
  200  16:07  Pneumatized Carapace, Overseer  
  200  16:08  Overseer  
  200  16:15  Spine Crawler  
  200  16:16  Roach  
  199  16:21  Roach  
  199  16:24  Roach x18  
  199  16:25  Spine Crawler x2  
  191  16:28  Roach x6  
  191  16:30  Roach x2  
  191  16:32  Roach x2  
  195  16:34  Roach x2  
  195  16:36  Roach x6  
  195  16:37  Roach  
  195  16:42  Roach x2  
  195  16:44  Ravager  
  197  16:58  Roach x6  
  197  16:59  Hatchery  
  197  17:00  Roach x2  
  197  17:01  Roach  
  195  17:03  Roach x2  
  195  17:06  Roach x4  
  186  17:08  Roach  
  186  17:13  Roach x2  
  186  17:15  Roach  
  194  17:19  Roach  
  194  17:20  Roach  
  190  17:25  Roach  
  191  17:34  Roach  
  191  17:35  Ravager x2  
  191  17:36  Ravager x2  
  195  17:41  Roach  
  195  17:45  Roach x2  
  195  17:49  Roach  
  191  17:53  Roach  
  191  17:57  Roach x2  
  187  18:03  Drone x3  
  187  18:04  Drone  
  191  18:07  Drone  
  191  18:08  Drone  
  191  18:12  Ravager  
  192  18:13  Ravager x3  
  192  18:15  Roach  
  197  18:21  Roach  
  197  18:22  Roach  
  199  18:33  Roach x2  
  197  18:35  Roach x2  
  197  18:36  Roach  
  197  18:38  Roach  
  197  18:39  Roach  
  197  18:40  Roach  
  198  18:47  Roach x3  
  187  18:49  Roach  
  187  18:50  Roach  
  187  18:54  Roach  
  187  18:56  Roach  
  187  19:01  Overlord  
  184  19:05  Overlord  
  181  19:11  Roach  
  181  19:12  Roach  
  149  19:25  Overseer  

Tags
 
Add a new tag
Caveats
  • Supply blocks, unpowered buildings, or Contaminate may cause inaccurate times.
  • Supply counts are checked every 10 seconds.